 Dungeon Crawl Stone Soup version 0.18-a0-1655-ge2d8d33 (webtiles) character file.

625 Sargon the Archer (level 7, 0/55 HPs)
             Began as a Centaur Hunter on Mar 31, 2016.
             Slain by an orc priest
             ... wielding a +0 short sword
              (1 damage)
             ... on level 4 of the Dungeon.
             The game lasted 00:19:38 (4467 turns).

Sargon the Archer (Centaur Hunter)                  Turns: 4467, Time: 00:19:39

Health: 0/55       AC:  8    Str: 15    XL:     7   Next: 23%
Magic:  7/7        EV:  7    Int: 10    God:
Gold:   124        SH:  0    Dex: 11    Spells: 0 memorised, 6 levels left

rFire  . . .     SeeInvis .     b - +0 short sword
rCold  . . .     Gourm    .     c - +0 scale mail (curse)
rNeg   . . .     Faith    +     (no shield)
rPois  .         Spirit   .     (no helmet)
rElec  .         Dismiss  .     (no cloak)
rCorr  .         Reflect  .     (no gloves)
SustAt .         Harm     .     (no barding)
MR     .....                    h - amulet of faith
Stlth  ..........               (no ring)
                                t - +2 ring of protection

@: very quick, not resistant to hostile enchantments, extremely unstealthy
A: hooves 3, deformed body, speed 2, tough skin 3
a: no special abilities


You were on level 4 of the Dungeon.
You were hungry.

You visited 1 branch of the dungeon, and saw 4 of its levels.

You collected 124 gold pieces.

Inventory:

Hand Weapons
 a - a +1 shortbow
 b - a +0 short sword (weapon)
Armour
 c - a cursed +0 scale mail (worn)
 k - a +0 ring mail
Jewellery
 h - an amulet of faith (around neck)
 t - a +2 ring of protection (left hand)
Scrolls
 i - a scroll of enchant armour {unknown}
 l - 2 scrolls of remove curse {unknown}
 n - a scroll of amnesia {unknown}
 o - a scroll of immolation {unknown}
 q - a scroll of identify {unknown}
 r - a scroll of enchant weapon {unknown}
 s - a scroll of teleportation
Comestibles
 f - 2 bread rations
 g - 3 meat rations


   Skills:
 - Level 2.0 Fighting
 + Level 11.3 Bows
 - Level 1.3 Dodging
 - Level 0.5 Stealth


You had 6 spell levels left.
You didn't know any spells.

Dungeon Overview and Level Annotations

Branches:
Dungeon (4/15)
 Temple: D:4-7

Altars:
Dithmenos

Annotations:
D:4 Eustachio


Innate Abilities, Weirdness & Mutations

You have hooves in place of feet.
Armour fits poorly on your strangely shaped body.
You cover ground very quickly.
You have extremely tough skin (AC +3).


Message History

The orc priest calls down the wrath of Beogh upon you.
Pain shoots through your body!
Sorry, you're not good enough to have a special ability.
You hit the orc priest but do no damage.
Your kick misses the orc priest.
The orc priest hits you with a short sword.
You hit the orc priest.
The orc priest is lightly wounded.
The orc priest hits you with a short sword.
The orc priest calls down the wrath of Beogh upon you.
Beogh smites you!
* * * LOW HITPOINT WARNING * * *
You hit the orc priest. Your kick misses the orc priest.
The orc priest is moderately wounded.
The orc priest hits you with a short sword.
* * * LOW HITPOINT WARNING * * *
You hit the orc priest. Your kick misses the orc priest.
The orc priest is moderately wounded.
The orc priest hits you with a short sword.
You die...

###.##.#####.#####.#
#.##.#####.#.....#
###.##.##.##.#.#####
......###.##.#.####
...>..'...##.#....#
....<.###.##.####.#
......# #.##.#....#
###.###
#.##.##.###########
# #.#
#.##.#..@.........#
# #.#
#.##.##.o.######.##
# #.#
#...)........###.##
# #.#
####.##..#.#......#
# #.#
#.#.#####.######## .
..#
#..o..o.........#
###
#.....###.###.#.#
###.#.###.....#.# ##
#.............#.#


You could see an orc priest.

Vanquished Creatures
  Sigmund (D:2)
  Menkaure (D:4)
  An ogre (D:3)
  An orc wizard (D:3)
  A worker ant (D:4)
  A hound skeleton (D:4)
  4 gnolls (D:3)
  9 adders
  An adder skeleton (D:4)
  2 worms
  2 dart slugs (D:1)
  4 giant geckos
  8 orcs
  2 ball pythons (D:3)
  3 giant cockroaches
  6 hobgoblins
  8 jackals
  2 quokkas
  7 bats
  2 giant newts
  4 goblins
  5 kobolds
  8 rats
83 creatures vanquished.

Notes
Turn   | Place    | Note
--------------------------------------------------------------
     0 | D:1      | Sargon the Centaur Hunter began the quest for the Orb.
     0 | D:1      | Reached XP level 1. HP: 17/17 MP: 1/1
   656 | D:1      | Reached XP level 2. HP: 24/24 MP: 2/2
   706 | D:1      | Reached skill level 6 in Bows
  1408 | D:2      | Reached XP level 3. HP: 21/29 MP: 3/3
  1602 | D:2      | Reached skill level 7 in Bows
  1665 | D:2      | HP: 1/29 [adder (1)]
  2076 | D:2      | Noticed Sigmund
  2081 | D:2      | Killed Sigmund
  2081 | D:2      | Reached skill level 9 in Bows
  2081 | D:2      | Reached XP level 4. HP: 16/36 MP: 4/4
  2081 | D:2      | Reached XP level 5. HP: 18/41 MP: 5/5
  2852 | D:3      | Noticed an ogre
  2858 | D:3      | Reached XP level 6. HP: 48/48 MP: 6/6
  2878 | D:3      | Reached skill level 10 in Bows
  3184 | D:3      | Found a shadowy altar of Dithmenos.
  3431 | D:4      | Noticed Menkaure
  3439 | D:4      | Killed Menkaure
  3439 | D:4      | Reached skill level 11 in Bows
  3439 | D:4      | Reached XP level 7. HP: 29/55 MP: 7/7
  3984 | D:4      | Noticed Eustachio
  4466 | D:4      | HP: 1/55 [orc priest/short sword (5)]
  4467 | D:4      | Slain by an orc priest

Vault maps used:
D:1:      saegor_arrival_simple_b
D:2:      uniq_sigmund
D:3:      grunt_dithmenos_smoke_and_mirrors
D:4:      first_bread, uniq_menkaure, uniq_duvessa, uniq_eustachio

Skill      XL: |  1  2  3  4  5  6 |
---------------+-------------------+-----
Bows           | 6 9 11 | 11.3
Fighting       | |  2.0
Dodging        | |  1.3
Stealth        | |  0.5

Action                   |  1- 3 |  4- 6 |  7- 9 || total
-------------------------+-------+-------+-------++-------
Melee: Short sword       |    30 |       |   113 ||   143
 Fire: Shortbow          |   117 |   133 |    35 ||   285
  Use: Potion            |     1 |       |     3 ||     4
       Scroll            |     1 |       |       ||     1
  Eat: Beef jerky        |     1 |       |       ||     1
       Chunk             |       |     4 |     1 ||     5
       Pizza             |       |       |     1 ||     1
